 Dungeon Crawl Stone Soup version 0.31-a0-833-gc15d34cb79 (console) character file.

Game seed: 14057690347655178094

91859 jejorda2 the Cleaver (level 16, -22/193 HPs)
             Began as a Gnoll Berserker on Sept 24, 2023.
             Was a High Priest of Trog.
             Annihilated by Donald
             ... wielding a +2 scimitar of electrocution
              (27 damage)
             ... on level 2 of the Orcish Mines on Sept 25, 2023.
             The game lasted 01:07:55 (27325 turns).

jejorda2 the Cleaver (Gnoll Berserker)             Turns: 27325, Time: 01:07:55

Health: -22/193    AC: 28    Str: 29    XL:     16   Next: 4%
Magic:  30/30      EV: 12    Int:  8    God:    Trog [*****.]
Gold:   2398       SH:  0    Dex: 12    Spells: 36/36 levels left

rFire   + . .        a - +7 battleaxe (freeze)
rCold   + . .        (shield currently unavailable)
rNeg    . . .        N - +3 plate armour {rPois}
rPois   +            A - +0 mask of the Dragon {Will+ Slay+3 SInv}
rElec   .            q - +2 cloak
rCorr   .            f - +0 pair of gloves "Yron" {rF+ rC+}
SInv    +            K - +0 pair of boots
Will    ++...        I - amulet of the acrobat Stlth
                     v - +6 ring of strength
HPRegen 0.52/turn    G - +4 ring of protection
MPRegen 0.22/turn

%: acrobat
@: berserking (expiring), very quick
A: fangs 1, strong nose, distributed training
a: Renounce Religion, Berserk, Trog's Hand, Brothers in Arms


You were on level 2 of the Orcish Mines.
You worshipped Trog.
Trog was extremely pleased with you.
You visited 3 branches of the dungeon, and saw 22 of its levels.
You also visited: Gauntlet.

You collected 2398 gold pieces.

Inventory:

Hand Weapons
 a - a +7 battleaxe of freezing (weapon)
 b - a +1 war axe of flaming
Missiles
 e - 5 boomerangs
 t - 42 poisoned darts (quivered)
 B - 6 javelins
 C - a curare-tipped dart
 E - 6 throwing nets
 M - 5 silver javelins
Armour
 f - the +0 pair of gloves "Yron" (worn) {rF+ rC+}
   (You found it in a Gauntlet)

   rF+:       It protects you from fire.
   rC+:       It protects you from cold.
 n - the +5 ring mail of the Grey Skies {rF++ Stlth-}
   (You found it on level 7 of the Dungeon)

   rF++:      It greatly protects you from fire.
   Stlth-:    It makes you less stealthy.
 q - a +2 cloak (worn)
 A - the +0 mask of the Dragon (worn) {Will+ Slay+3 SInv}
   (You found it on level 11 of the Dungeon)

   Slay+3:    It affects your accuracy & damage with ranged weapons and melee
   (+3).
   Will+:     It increases your willpower.
   SInv:      It lets you see invisible.
 K - a +0 pair of boots (worn)
 N - a +3 plate armour of poison resistance (worn)
Jewellery
 g - the ring "Nuink" {Wiz rN+ Slay+2}
   (You found it in a Gauntlet)

   [ring of wizardry]

   Wiz:       It improves your spell success rate.
   Slay+2:    It affects your accuracy & damage with ranged weapons and melee
   (+2).
   rN+:       It protects you from negative energy.
 v - a +6 ring of strength (left hand)
 G - a +4 ring of protection (right hand)
 I - an amulet of the acrobat (around neck)
Wands
 c - a wand of quicksilver (14)
 d - a wand of roots (8)
 i - a wand of paralysis (16)
 F - a wand of digging (3)
 H - a wand of mindburst (14)
Scrolls
 o - 2 scrolls of blinking
 p - 4 scrolls of fog
 r - 9 scrolls of identify
 x - 2 scrolls of immolation
 y - 9 scrolls of revelation
 z - 4 scrolls of teleportation
 D - a scroll of fear
Potions
 h - 5 potions of heal wounds
 j - 8 potions of curing
 k - 4 potions of attraction
 l - a potion of enlightenment
 m - 2 potions of cancellation
 s - 2 potions of mutation
 u - a potion of invisibility
 w - 2 potions of haste
 J - 3 potions of might
 L - 2 potions of ambrosia


   Skills:
 + Level 12.5 Fighting
 + Level 10.7 Short Blades
 + Level 10.7 Long Blades
 + Level 12.5 Axes
 + Level 10.7 Maces & Flails
 + Level 10.7 Polearms
 + Level 10.7 Staves
 + Level 10.7 Ranged Weapons
 + Level 10.7 Throwing
 + Level 11.7 Armour
 + Level 11.7 Dodging
 + Level 10.7 Stealth
 + Level 10.7 Shields
 + Level 10.7 Unarmed Combat
 + Level 10.7 Spellcasting
 + Level 9.0 Conjurations
 + Level 9.0 Hexes
 + Level 9.0 Summonings
 + Level 9.0 Necromancy
 + Level 9.0 Translocations
 + Level 9.0 Transmutations
 + Level 9.0 Fire Magic
 + Level 9.0 Ice Magic
 + Level 9.0 Air Magic
 + Level 9.0 Earth Magic
 + Level 9.0 Poison Magic
 + Level 11.7 Invocations
 + Level 10.7 Evocations
 + Level 9.9 Shapeshifting


You had 36 spell levels left.
You didn't know any spells.
Your spell library was empty.

Dungeon Overview and Level Annotations

Branches:
Dungeon (15/15)            Temple (0/1) D:7            Lair (5/5) D:9
 Shoals (0/4) Lair:2        Snake (0/4) Lair:2        Slime (0/5) Lair:4
    Orc (2/2) D:11            Elf (0/3) Orc:2        Vaults (0/5) D:13
 Depths (0/4) D:15        Gauntlet (visited)

Altars:
Ashenzari
Cheibriados
Elyvilon
Gozag
Hepliaklqana
Kikubaaqudgha
Makhleb
Okawaru
Qazlal
Ru
Uskayaw
Vehumet
Wu Jian
Xom
Yredelemnul
Zin
The Shining One
Jiyva

Shops:
D:11 (   D:14 *

Annotations:
D:13 3 runed translucent doors, greenreed's ghost, journeyman TrSh
Lair:4 1 runed translucent door
Orc:2 3 runed translucent doors, Donald; MrSquiggles's ghost, journeyman MiFi; ShinQuickMan's ghost, journeyman DECj; bahustanut's ghost, journeyman DECj; freelancePsychic's ghost, journeyman DEAE


Innate Abilities, Weirdness & Mutations

You have very sharp teeth.
Your uncanny sense of smell can sniff out nearby items.
Your experience applies equally to all skills.


Message History

Donald hits you with a +2 scimitar of electrocution!
Donald blocks your attack.
Donald is lightly wounded.
Donald hits you with a +2 scimitar of electrocution.
You barely miss Donald.
Donald is lightly wounded.
You slash Donald! You freeze Donald.
Donald is moderately wounded.
Donald casts a spell.
Donald seems to speed up.
You slice Donald!! You freeze Donald!
Donald is heavily wounded.
Donald hits you with a +2 scimitar of electrocution!!
Donald blocks your attack.
Donald is heavily wounded.
Donald hits you with a +2 scimitar of electrocution!
You slash Donald! You freeze Donald.
Donald is severely wounded.
Donald hits you with a +2 scimitar of electrocution!!
You slash Donald! You freeze Donald.
Donald is almost dead.
Donald hits you with a +2 scimitar of electrocution!!
Donald blocks your attack. x2
Donald is almost dead.
Donald hits you with a +2 scimitar of electrocution!!
* * * LOW HITPOINT WARNING * * *
You are electrocuted!!
* * * LOW HITPOINT WARNING * * *
Donald blocks your attack. x2
Donald is almost dead.
Donald hits you with a +2 scimitar of electrocution!
* * * LOW HITPOINT WARNING * * *
You are electrocuted!
* * * LOW HITPOINT WARNING * * *
Donald blocks your attack.
Donald is almost dead.
Donald says, "These orcs are so stupid, they must've eaten the rune."
Donald hits you with a +2 scimitar of electrocution!!
You die...
Donald says, "I won.
I... don't hate that."

......... .........
.........
#.........
##.........
............
##@..........##
#.@.............
##...............
#....##...........
##.###.#..........
##.#.#..........#..
#.....#............
##.#...............
###............#
##.....#.....###


You could see Donald (fast, strong, reflecting).

Vanquished Creatures
  An orc warlord (Orc:1)
  A stone giant (D:11)
  A war gargoyle (D:11)
  The ghost of quinnr the Tainter, a journeyman TeVM of Vehumet (Lair:4)
  A dire elephant (D:15)
  2 minotaurs
  A fire dragon (D:11)
  2 rakshasas (D:15)
  Harold (D:11)
  5 hydras
  An ice dragon (D:15)
  A vault guard (D:13)
  A merfolk avatar (Lair:5)
  2 two-headed ogres
  3 centaur warriors
  A hell beast (Gauntlet)
  A death knight (D:14)
  3 boulder beetles
  A dancing weapon (Lair:4)
  6 death yaks (Lair:5)
  3 tengu warriors
  Nergalle (D:11)
  2 skysharks (Lair:5)
  2 skeletal warriors
  2 sea snakes (Lair:4)
  An orc knight (D:15)
  A lindwurm (Lair:2)
  3 deep elf pyromancers
  4 cyclopes
  16 ugly things
  A wolf spider (D:15)
  4 manticores
  A centaur zombie (D:13)
  2 elephants (Lair:5)
  3 gargoyles
  Maggie (D:6)
  4 black mambas
  An orange demon (Lair:2)
  10 cane toads
  3 freezing wraiths
  A torpor snail (Lair:3)
  Psyche (D:11)
  4 kobold demonologists
  2 centaur skeletons (D:13)
  4 rime drakes
  2 tengu conjurers (D:15)
  2 efreet
  2 unseen horrors
  14 komodo dragons
  A yaktaur (shapeshifter) (D:15)
  A merfolk (Lair:2)
  4 meliai
  A meliai (shapeshifter) (D:13)
  A wind drake (Lair:5)
  8 hornets
  A polar bear (shapeshifter) (D:15)
  7 polar bears
  9 trolls
  17 blink frogs
  A raiju (shapeshifter) (D:14)
  A meliai zombie (D:13)
  11 slime creatures
  Sigmund (D:6)
  2 water elementals (D:11)
  A shadow (D:10)
  4 wraiths
  2 vampires
  4 wyverns
  63 yaks
  3 basilisks
  7 steam dragons
  2 vampire mosquitoes (D:12)
  3 wargs
  4 acid dragons
  3 nagas (Lair:2)
  14 water moccasins
  18 orc warriors
  6 black bears
  A meliai simulacrum (D:15)
  2 ice beasts
  A sky beast (D:6)
  2 centaurs (D:11)
  4 ogres
  9 wolves
  Blork the orc (D:6)
  6 kobold brigands
  4 scorpions
  3 gnoll sergeants
  10 bullfrogs
  11 wights
  8 killer bees
  7 electric eels
  4 howler monkeys
  5 hounds
  9 orc priests
  2 jellies
  A sleepcap (D:5)
  4 iguanas
  11 orc wizards
  4 hell rats
  A boggart simulacrum (D:13)
  10 gnolls
  8 adders
  2 worms
  A dart slug (D:6)
  39 orcs
  5 bats
  8 endoplasms
  A giant cockroach (D:2)
  3 goblins
  6 hobgoblins
  18 jackals
  8 quokkas
  7 ball pythons
  3 frilled lizards
  25 kobolds
  7 rats
594 creatures vanquished.

Vanquished Creatures (collateral kills)
  Amaemon (Lair:2)
  2 freezing wraiths (D:14)
  3 yaks (Lair:2)
  A gnoll bouda (Lair:2)
7 creatures vanquished.

Vanquished Creatures (others)
  A deep elf knight (D:11)
  An electric eel (D:11)
2 creatures vanquished.

Grand Total: 603 creatures vanquished

Notes
Turn   | Place    | Note
-------+----------+-------------------------------------------
     0 | D:1      | jejorda2 the Gnoll Berserker began the quest for the Orb.
     0 | D:1      | Reached XP level 1. HP: 23/23 MP: 1/1
   185 | D:1      | Reached XP level 2. HP: 29/29 MP: 2/2
   513 | D:1      | Reached XP level 3. HP: 35/35 MP: 3/3
   840 | D:2      | Reached ** piety under Trog
  1116 | D:2      | Reached skill level 1 in Invocations
  1425 | D:3      | Reached skill level 1 in Short Blades
  1425 | D:3      | Reached skill level 1 in Long Blades
  1425 | D:3      | Reached skill level 1 in Maces & Flails
  1425 | D:3      | Reached skill level 1 in Polearms
  1425 | D:3      | Reached skill level 1 in Staves
  1425 | D:3      | Reached skill level 1 in Ranged Weapons
  1425 | D:3      | Reached skill level 1 in Throwing
  1425 | D:3      | Reached skill level 1 in Stealth
  1425 | D:3      | Reached skill level 1 in Shields
  1425 | D:3      | Reached skill level 1 in Unarmed Combat
  1425 | D:3      | Reached skill level 1 in Spellcasting
  1425 | D:3      | Reached skill level 1 in Evocations
  1505 | D:3      | Reached skill level 1 in Shapeshifting
  1505 | D:3      | Reached XP level 4. HP: 34/41 MP: 5/5
  1648 | D:3      | Reached skill level 1 in Conjurations
  1648 | D:3      | Reached skill level 1 in Hexes
  1648 | D:3      | Reached skill level 1 in Summonings
  1648 | D:3      | Reached skill level 1 in Necromancy
  1648 | D:3      | Reached skill level 1 in Translocations
  1648 | D:3      | Reached skill level 1 in Transmutations
  1648 | D:3      | Reached skill level 1 in Fire Magic
  1648 | D:3      | Reached skill level 1 in Ice Magic
  1648 | D:3      | Reached skill level 1 in Air Magic
  1648 | D:3      | Reached skill level 1 in Earth Magic
  1648 | D:3      | Reached skill level 1 in Poison Magic
  1786 | D:3      | Reached XP level 5. HP: 47/47 MP: 5/7
  2339 | D:4      | Noticed an ogre
  2354 | D:4      | Killed an ogre
  2355 | D:4      | Reached XP level 6. HP: 47/53 MP: 8/8
  2509 | D:4      | Reached skill level 5 in Armour
  2509 | D:4      | Reached skill level 5 in Dodging
  2777 | D:4      | Reached *** piety under Trog
  2925 | D:4      | Found an ancient bone altar of Kikubaaqudgha.
  3310 | D:5      | Entered Level 5 of the Dungeon
  3372 | D:5      | Reached XP level 7. HP: 60/60 MP: 10/10
  3822 | D:5      | Found a hazy altar of Hepliaklqana.
  4019 | D:5      | Found a hide-covered altar of Uskayaw.
  4022 | D:5      | Noticed a +0 dagger
  4022 | D:5      | Noticed a +0 dagger
  4213 | D:6      | Found a broken altar of Ashenzari.
  4213 | D:6      | Found a basalt altar of Yredelemnul.
  4213 | D:6      | Found a stormy altar of Qazlal.
  4213 | D:6      | Found a sacrificial altar of Ru.
  4213 | D:6      | Found a glowing golden altar of the Shining One.
  4213 | D:6      | Found an ornate altar of the Wu Jian Council.
  4221 | D:6      | Found a radiant altar of Vehumet.
  4222 | D:6      | Noticed Sigmund
  4235 | D:6      | Killed Sigmund
  4236 | D:6      | Reached XP level 8. HP: 67/67 MP: 12/12
  4238 | D:6      | Noticed Blork the orc
  4260 | D:6      | Killed Blork the orc
  4409 | D:6      | Noticed Maggie
  4424 | D:6      | Killed Maggie
  4474 | D:6      | Found a snail-covered altar of Cheibriados.
  4509 | D:6      | Reached XP level 9. HP: 39/73 MP: 14/14
  4965 | D:7      | Noticed a hornet
  5091 | D:7      | Paralysed by a hornet for 1 turns
  5098 | D:6      | Killed a hornet
  5294 | D:6      | Reached skill level 5 in Invocations
  5633 | D:7      | Reached XP level 10. HP: 69/80 MP: 17/17
  5678 | D:7      | Identified the +5 ring mail of the Grey Skies {rF++ Stlth-}
  5690 | D:7      | Identified the +2 mace of Understanding {freeze, rElec
                  | Will- rCorr Int-4}
  5695 | D:7      | Found a shimmering altar of Xom.
  5727 | D:7      | Found a burning altar of Makhleb.
  5730 | D:7      | Noticed a green death
  5740 | D:7      | Found a glowing silver altar of Zin.
  5741 | D:7      | Noticed an angel
  5750 | D:7      | Found a staircase to the Ecumenical Temple.
  5936 | D:8      | Reached skill level 5 in Short Blades
  5936 | D:8      | Reached skill level 5 in Long Blades
  5936 | D:8      | Reached skill level 5 in Maces & Flails
  5936 | D:8      | Reached skill level 5 in Polearms
  5936 | D:8      | Reached skill level 5 in Staves
  5936 | D:8      | Reached skill level 5 in Ranged Weapons
  5936 | D:8      | Reached skill level 5 in Throwing
  5936 | D:8      | Reached skill level 5 in Stealth
  5936 | D:8      | Reached skill level 5 in Shields
  5936 | D:8      | Reached skill level 5 in Unarmed Combat
  5936 | D:8      | Reached skill level 5 in Spellcasting
  5936 | D:8      | Reached skill level 5 in Evocations
  5961 | D:8      | Found a white marble altar of Elyvilon.
  6099 | D:8      | Noticed a two-headed ogre
  6109 | D:8      | Killed a two-headed ogre
  6873 | D:8      | Reached skill level 5 in Shapeshifting
  7168 | D:9      | Found a staircase to the Lair.
  7272 | D:9      | Paralysed by a hornet for 3 turns
  7498 | D:9      | Reached **** piety under Trog
  7598 | D:9      | Noticed a kobold demonologist
  7609 | D:9      | Reached XP level 11. HP: 87/87 MP: 19/19
  7730 | D:9      | Reached skill level 5 in Conjurations
  7730 | D:9      | Reached skill level 5 in Hexes
  7730 | D:9      | Reached skill level 5 in Summonings
  7730 | D:9      | Reached skill level 5 in Necromancy
  7730 | D:9      | Reached skill level 5 in Translocations
  7730 | D:9      | Reached skill level 5 in Transmutations
  7730 | D:9      | Reached skill level 5 in Fire Magic
  7730 | D:9      | Reached skill level 5 in Ice Magic
  7730 | D:9      | Reached skill level 5 in Air Magic
  7730 | D:9      | Reached skill level 5 in Earth Magic
  7730 | D:9      | Reached skill level 5 in Poison Magic
  8319 | D:9      | Noticed a cyclops
  8351 | D:10     | Entered Level 10 of the Dungeon
  8476 | D:10     | Found an opulent altar of Gozag.
  9140 | D:10     | Noticed a boulder beetle
  9155 | D:10     | Killed a boulder beetle
  9455 | D:9      | Killed a cyclops
  9562 | D:11     | Found a staircase to the Orcish Mines.
  9565 | D:11     | Found Fydolun's Weapon Boutique.
  9917 | D:11     | Reached XP level 12. HP: 62/97 MP: 22/22
 10439 | D:11     | Noticed Harold
 10451 | D:11     | Noticed Psyche
 10561 | D:11     | Killed Harold
 10563 | D:11     | Killed Psyche
 10613 | D:11     | Noticed Nergalle
 10624 | D:11     | Killed Nergalle
 11009 | D:11     | Noticed a war gargoyle
 11009 | D:11     | Noticed a stone giant
 11018 | D:11     | Killed a war gargoyle
 11023 | D:11     | Noticed a deep elf knight
 11029 | D:11     | Killed a stone giant
 11029 | D:11     | Noticed a fire dragon
 11032 | D:11     | Killed a deep elf knight
 11033 | D:11     | Reached skill level 10 in Fighting
 11033 | D:11     | Reached skill level 10 in Axes
 11156 | D:11     | Killed a fire dragon
 11287 | D:11     | Found the +0 mask of the Dragon {Will+ Slay+3 SInv}
 11372 | Lair:1   | Entered Level 1 of the Lair of Beasts
 12948 | Lair:2   | Reached XP level 13. HP: 83/104 MP: 23/25
 13516 | Lair:2   | Noticed Amaemon
 13535 | Lair:2   | Paralysed by Amaemon for 5 turns
 13544 | Lair:2   | Killed Amaemon
 13783 | Lair:2   | Found a staircase to the Snake Pit.
 14183 | Lair:2   | Found a staircase to the Shoals.
 15802 | Lair:4   | Found a runed translucent door.
 15803 | Lair:4   | Found a shimmering altar of Xom.
 15803 | Lair:4   | Noticed quinnr's ghost (journeyman TeVM)
 15804 | Lair:4   | Identified the +1 halberd "Cuhuap Bapt" {chaos, Dex+2}
 16020 | Lair:4   | Found a runed translucent door.
 16021 | Lair:4   | Found a viscous altar of Jiyva.
 16067 | Lair:4   | Found a staircase to the Slime Pits.
 16067 | Lair:4   | Noticed an acid blob
 16212 | Lair:4   | Found a runed translucent door.
 16382 | Lair:4   | Noticed a minotaur
 16390 | Lair:4   | Killed a minotaur
 16391 | Lair:4   | Reached skill level 10 in Armour
 16391 | Lair:4   | Reached skill level 10 in Dodging
 16831 | Lair:4   | Killed quinnr's ghost
 16904 | Lair:4   | HP: 2/104 [+1 halberd "Cuhuap Bapt" {chaos, Dex+2} (12)]
 17284 | Lair:4   | Found a runed translucent door.
 17284 | Lair:4   | Found a viscous altar of Jiyva.
 17285 | Lair:4   | Found a staircase to the Slime Pits.
 17769 | Lair:5   | Entered Level 5 of the Lair of Beasts
 17822 | Lair:4   | Reached XP level 14. HP: 113/113 MP: 25/27
 18085 | Lair:4   | Reached skill level 10 in Invocations
 19775 | D:12     | Found a gate leading to a gauntlet.
 19799 | Gauntlet | Entered a Gauntlet
 19799 | Gauntlet | Found a transporter.
 19799 | Gauntlet | Found a transporter.
 19799 | Gauntlet | Found a transporter.
 19800 | Gauntlet | Found a transporter.
 19801 | Gauntlet | Found a transporter.
 19802 | Gauntlet | Found a large runed translucent door.
 19803 | Gauntlet | Found a large runed translucent door.
 19804 | Gauntlet | Found a large runed translucent door.
 19804 | Gauntlet | Found a large runed translucent door.
 19804 | Gauntlet | Found a transporter.
 19804 | Gauntlet | Found a runed translucent door.
 19805 | Gauntlet | Found a large runed translucent door.
 19806 | Gauntlet | Found a large runed translucent door.
 19807 | Gauntlet | Found a large runed translucent door.
 19807 | Gauntlet | Found a large runed translucent door.
 19808 | Gauntlet | Found a runed translucent gate.
 19808 | Gauntlet | Found a runed translucent gate.
 19810 | Gauntlet | Found a transporter.
 19813 | Gauntlet | Found a transporter.
 19813 | Gauntlet | Found a transporter.
 19815 | Gauntlet | Found a transporter.
 19823 | Gauntlet | Found a transporter.
 19828 | Gauntlet | Found a transporter.
 19853 | Gauntlet | Found a runed translucent gate.
 19854 | Gauntlet | Found a large runed translucent door.
 19854 | Gauntlet | Found a large runed translucent door.
 19855 | Gauntlet | Found a large runed translucent door.
 19856 | Gauntlet | Found a large runed translucent door.
 19857 | Gauntlet | Found a large runed translucent door.
 19857 | Gauntlet | Found a large runed translucent door.
 19857 | Gauntlet | Found a runed translucent door.
 19858 | Gauntlet | Found a large runed translucent door.
 19859 | Gauntlet | Found a large runed translucent door.
 20014 | Gauntlet | Identified the +0 pair of gloves "Yron" {rF+ rC+}
 20168 | Gauntlet | Identified the ring "Nuink" {Wiz rN+ Slay+2}
 20319 | Gauntlet | Identified the +5 halberd of Certain Death {venom, *Rage
                  | rF+ rC+ Str+2}
 21803 | D:13     | Reached XP level 15. HP: 118/120 MP: 28/28
 21976 | D:13     | Reached ***** piety under Trog
 22026 | D:13     | Identified the +2 scimitar of Rotation {heavy, Dex+3}
 22159 | D:13     | Reached skill level 10 in Short Blades
 22159 | D:13     | Reached skill level 10 in Long Blades
 22159 | D:13     | Reached skill level 10 in Maces & Flails
 22159 | D:13     | Reached skill level 10 in Polearms
 22159 | D:13     | Reached skill level 10 in Staves
 22159 | D:13     | Reached skill level 10 in Ranged Weapons
 22159 | D:13     | Reached skill level 10 in Throwing
 22159 | D:13     | Reached skill level 10 in Stealth
 22159 | D:13     | Reached skill level 10 in Shields
 22159 | D:13     | Reached skill level 10 in Unarmed Combat
 22159 | D:13     | Reached skill level 10 in Spellcasting
 22159 | D:13     | Reached skill level 10 in Evocations
 22233 | D:13     | Paralysed by a hornet for 1 turns
 22249 | D:13     | HP: 2/120 [vampire/vampiric draining (17)]
 22432 | D:13     | Found a gate to the Vaults.
 22659 | D:13     | Found a runed translucent gate.
 22659 | D:13     | Found a runed translucent gate.
 22662 | D:13     | Found a runed translucent gate.
 22662 | D:13     | Noticed greenreed's ghost (journeyman TrSh)
 23335 | D:14     | Found Bucod's General Store.
 24001 | D:14     | Upgraded the game from 0.31-a0-819-gf6de2f5ab6 to
                  | 0.31-a0-833-gc15d34cb79
 24067 | D:15     | Entered Level 15 of the Dungeon
 24719 | D:15     | Found an iron altar of Okawaru.
 25470 | D:15     | Found a staircase to the Depths.
 26216 | Orc:1    | Entered Level 1 of the Orcish Mines
 26227 | Orc:1    | You fall into a shaft and drop 1 floor!
 26227 | Orc:2    | Entered Level 2 of the Orcish Mines
 26230 | Orc:2    | Found a runed translucent gate.
 26230 | Orc:2    | Found a runed translucent gate.
 26230 | Orc:2    | Found a runed translucent gate.
 26232 | Orc:2    | Noticed MrSquiggles's ghost (journeyman MiFi)
 26233 | Orc:2    | Noticed freelancePsychic's ghost (journeyman DEAE)
 26234 | Orc:2    | Noticed bahustanut's ghost (journeyman DECj)
 26234 | Orc:2    | Noticed ShinQuickMan's ghost (journeyman DECj)
 26478 | Orc:1    | Noticed an orc warlord
 26493 | Orc:1    | Killed an orc warlord
 26494 | Orc:1    | Reached XP level 16. HP: 128/129 MP: 30/30
 27107 | Orc:2    | Found a staircase to the Elven Halls.
 27306 | Orc:2    | Noticed Donald
 27324 | Orc:2    | HP: 5/193 [Donald/+2 scimitar of electrocution (15)]
 27325 | Orc:2    | Annihilated by Donald

Illustrated notes

Levels and vault maps discovered:
D:1:      nagdon_arrival_double_spiral, layout_loops_cross,
          roderic_serpentine_path, minivault_26, hangedman_decor_peaks_small
D:2:      layout_loops_cross, hangedman_decor_slide_cut
D:3:      layout_basic, chequers_serial_rivers_small_a
D:4:      layout_loops_cross, lemuel_tele_altar, serial_aquarium,
          aquarium_bridge_straight [aquarium_subvault_bridge,
          aquarium_subvault_wall, aquarium_subvault_bridge,
          aquarium_subvault_window], aquarium_bridge_square
          [aquarium_subvault_bridge, aquarium_subvault_wall,
          aquarium_subvault_bridge, aquarium_subvault_bridge],
          aquarium_window_fake, aquarium_window_1, aquarium_window_2,
          aquarium_view_2c, aquarium_balcony_5b, aquarium_pool_1
D:5:      layout_gridville, dancing_weapons_uskayaw,
          nicolae_hepliaklqana_hazy_memory, minmay_starry_boxes
D:6:      layout_rooms, kennysheep_slug_shrine, grunt_temple_overflow_open,
          uniq_blork_the_orc, uniq_maggie, uniq_sigmund
D:7:      layout_basic, grunt_temple_overflow_order_and_chaos_2,
          xom_teletrap_fun, minmay_temple_entry_proselytizer
D:8:      layout_rooms, old_standard_altar, hangedman_abyss_or_decor_stabs,
          minivault_27, nicolae_elevator_lobby_plus
D:9:      layout_gridville, due_lair_maze_entry_diamond, wad_dig_loot
D:10:     layout_rooms, amcnicky_altar_gilded, kennysheep_generic_room_7
D:11:     minmay_glassy_protrusions, layout_basic, orc_david_3, uniq_psyche,
          uniq_nergalle, uniq_harold
D:12:     layout_loops_corners, gauntlet_entry_generic,
          minmay_misc_feat_secret_circle
D:13:     layout_basic, david_vaults_5, ebering_ghost_rock_garden,
          hangedman_weighted_door
D:14:     layout_loops_ring, serial_shops, shop, serial_co_window_serial,
          co_window_paths_b, co_window_paths_a, co_window_of_opportunity_a,
          co_window_corner_a, co_window_paths_a, co_window_paths_a,
          co_window_paths_b, co_window_broadway_a, co_window_corner_cb,
          co_window_corner_b, co_window_2corner, co_window_paths_c,
          co_window_paths_c, co_window_of_opportunity_b, glass_columns_b,
          glass_columns_a, bh_walls_and_bars
D:15:     hangedman_depths_entry_try_elsewhere_first, layout_stronghold,
          hellmonk_okawaru_the_only_friend_you_need, nrook_uturn,
          minmay_quadrilaterals
Lair:1:   layout_cave_pods, serial_bayou_shore_b, infiniplex_staircase_pool
Lair:2:   layout_long_grid, elwin_shoals_entry_rooms,
          nicolae_snake_entry_squirm, dreamdust_gnoll_shepherd,
          serial_bayou_shore_b, grunt_megastairs_5, uniq_amaemon
Lair:3:   layout_gridlike, cheibrodos_lair_lostbears
Lair:4:   dreamdust_labyrinth, layout_hall_layers, slime_entry_2,
          ebering_ghost_xom
Lair:5:   gammafunk_lair_ancient_temple, layout_regular_city, lemuel_fruit_tree
Orc:1:    layout_diamond_mine, nicolae_orc_stony_grotto
Orc:2:    st_orc_elflike, layout_diamond_mine, basic_altar,
          gammafunk_ghost_cemetery, uniq_donald

Skill      XL: |  1  2  3  4  5  6  7  8  9 10 11 12 13 14 15 |
---------------+----------------------------------------------+-----
Invocations    | 1 2 3 4 5 6 7 8 9 10 11 | 11.7
Short Blades   | 1 2 3 4 5 6 8 9 10 | 10.7
Long Blades    | 1 2 3 4 5 6 8 9 10 | 10.7
Maces & Flails | 1 2 3 4 5 6 8 9 10 | 10.7
Polearms       | 1 2 3 4 5 6 8 9 10 | 10.7
Staves         | 1 2 3 4 5 6 8 9 10 | 10.7
Ranged Weapons | 1 2 3 4 5 6 8 9 10 | 10.7
Throwing       | 1 2 3 4 5 6 8 9 10 | 10.7
Stealth        | 1 2 3 4 5 6 8 9 10 | 10.7
Shields        | 1 2 3 4 5 6 8 9 10 | 10.7
Unarmed Combat | 1 2 3 4 5 6 8 9 10 | 10.7
Spellcasting   | 1 2 3 4 5 6 8 9 10 | 10.7
Evocations     | 1 2 3 4 5 6 8 9 10 | 10.7
Shapeshifting  | 1 2 3 4 5 6 7 8 9 |  9.9
Conjurations   | 1 2 3 4 5 6 7 8 9 |  9.0
Hexes          | 1 2 3 4 5 6 7 8 9 |  9.0
Summonings     | 1 2 3 4 5 6 7 8 9 |  9.0
Necromancy     | 1 2 3 4 5 6 7 8 9 |  9.0
Translocations | 1 2 3 4 5 6 7 8 9 |  9.0
Transmutations | 1 2 3 4 5 6 7 8 9 |  9.0
Fire Magic     | 1 2 3 4 5 6 7 8 9 |  9.0
Ice Magic      | 1 2 3 4 5 6 7 8 9 |  9.0
Air Magic      | 1 2 3 4 5 6 7 8 9 |  9.0
Earth Magic    | 1 2 3 4 5 6 7 8 9 |  9.0
Poison Magic   | 1 2 3 4 5 6 7 8 9 |  9.0
Armour         | 5 6 7 8 9 10 11 | 11.7
Dodging        | 5 6 7 8 9 10 11 | 11.7
Fighting       | 7 8 9 10 11 12 | 12.5
Axes           | 7 8 9 10 11 12 | 12.5

Action                     |  1- 3 |  4- 6 |  7- 9 | 10-12 | 13-15 | 16-18 || total
---------------------------+-------+-------+-------+-------+-------+-------++-------
  Melee: Hand axe          |   130 |   170 |   128 |       |       |       ||   428
         Bite              |     7 |    21 |    38 |    53 |   113 |     2 ||   234
         Punch             |     2 |     2 |     6 |       |     4 |       ||    14
         War axe           |       |       |    87 |       |    19 |       ||   106
         Battleaxe         |       |       |    34 |   515 |   756 |    53 ||  1358
         Unarmed           |       |       |       |     1 |       |       ||     1
  Throw: Dart              |       |       |     2 |    22 |    29 |     4 ||    57
 Invoke: Berserk           |     1 |     3 |     9 |    17 |    28 |     1 ||    59
         Trog's Hand       |       |       |     4 |     4 |     7 |       ||    15
         Brothers in Arms  |       |       |       |       |     3 |       ||     3
  Evoke: Wand              |       |       |     1 |     6 |     3 |       ||    10
    Use: Scroll            |       |       |    15 |    10 |    12 |       ||    37
         Potion            |       |       |       |     2 |     6 |       ||     8
   Stab: Sleeping          |     3 |       |     3 |     6 |    17 |       ||    29
         Paralysed         |       |       |       |     2 |       |       ||     2
         Distracted        |       |       |       |     1 |     6 |       ||     7
 Armour: Animal skin       |    41 |       |       |       |       |       ||    41
         Ring mail         |    26 |    26 |       |       |       |       ||    52
         Plate armour      |       |    75 |   110 |       |       |    19 ||   204
         Scale mail        |       |     4 |       |       |       |       ||     4
         Swamp dragon scal |       |       |    96 |   516 |   787 |     5 ||  1404
         Skin              |       |       |       |     5 |       |       ||     5
  Dodge: Dodged            |    92 |    58 |   161 |   438 |   784 |    19 ||  1552

Table legend: (Time is in decaauts)
 A = Elapsed time spent in this place.
 B = Non-inter-level travel time spent in this place.
 C = Inter-level travel time spent in this place.
 D = Time resting spent in this place.
 E = Time spent auto-exploring this place.
 F = Levels seen in this place.
 G = Mean time per level.
                   A        B        C        D        E       F      G
               +--------+--------+--------+--------+--------+-----+--------+
         Total |  28126 |  26292 |   1834 |   4234 |  17320 |  23 | 1222.9 |
       Dungeon |  17593 |  16461 |   1132 |   2198 |  11242 |  15 | 1172.9 |
          Lair |   8750 |   8156 |    594 |   1796 |   5062 |   5 | 1750.0 |
  Orcish Mines |    990 |    883 |    107 |    188 |    485 |   2 |  495.0 |
      Gauntlet |    792 |    792 |      0 |     51 |    531 |   1 |  792.0 |
               +--------+--------+--------+--------+--------+-----+--------+

Top non-repeatable levels by time:
  Lair:4: 2685 daAuts
  Lair:1: 1909 daAuts
    D:15: 1892 daAuts
    D:11: 1789 daAuts
    D:10: 1517 daAuts
  Lair:2: 1472 daAuts
  Lair:5: 1449 daAuts
    D:14: 1425 daAuts
     D:9: 1388 daAuts
     D:6: 1342 daAuts
     D:8: 1266 daAuts
    D:13: 1261 daAuts
  Lair:3: 1233 daAuts
     D:4: 1019 daAuts
    D:12: 1013 daAuts
